Map: Dreamcatcher LE

Players

Warren - Winner!

  • Race: Zerg Zerg
  • Spawn Location: 5:00

Tugboat

  • Race: Zerg Zerg
  • Spawn Location: 11:00

Event: WCS Austin 2018

VOD

Have the link to the VOD?

Description

Time

  • Played on: June 1, 2018, 1:46 p.m.
  • Length: 5:57

All games in this series

Show
View Real Time Build Order
Export as new Build Order

Warren Zerg - Winner!

Build Orders: Hatch First 

Get SALT Encoding   

  12  0:01  Drone  
  13  0:12  Overlord  
  13  0:17  Drone  
  14  0:30  Drone x2  
  16  0:48  Hatchery  
  15  0:51  Drone  
  15  0:55  Drone  
  17  1:01  Drone  
  18  1:05  Extractor  
  17  1:15  Spawning Pool  
  17  1:17  Drone  
  17  1:20  Drone  
  18  1:28  Drone  
  19  1:38  Drone  
  20  1:49  Overlord  
  20  2:00  Drone  
  21  2:01  Queen  
  21  2:02  Drone, Queen  
  26  2:11  Drone  
  26  2:13  Drone  
  28  2:22  Drone x2  
  30  2:34  Overlord, Drone  
  31  2:39  Queen  
  31  2:40  Lair  
  33  2:45  Evolution Chamber, Drone  
  33  2:52  Drone  
  33  2:54  Drone x2  
  36  3:01  Extractor  
  36  3:05  Overlord  
  35  3:06  Drone  
  35  3:12  Drone, Zerg Missile Weapons Level 1, Roach Warren  
  36  3:16  Drone x2  
  38  3:23  Drone x2  
  40  3:31  Overlord  
  40  3:32  Drone x3  
  43  3:46  Overlord  
  43  3:53  Roach x6  
  55  4:00  Roach  
  55  4:01  Roach  
  52  4:13  Roach x2  
  54  4:18  Roach x3  
  58  4:25  Roach, Zergling x2  
  58  4:31  Evolution Chamber  
  45  4:41  Roach  
  45  4:55  Roach x3  
  45  4:56  Roach  
  45  4:59  Roach  
  55  5:03  Roach  
  59  5:07  Roach  
  59  5:10  Roach  
  61  5:17  Roach x2  
  65  5:28  Zergling x4  
  66  5:47  Ravager  
Show
View Real Time Build Order
Export as new Build Order

Tugboat Zerg 

Build Orders: Hatch First 

Get SALT Encoding   

  12  0:01  Drone  
  13  0:12  Overlord  
  13  0:20  Drone  
  14  0:32  Drone x2  
  14  0:35  Drone  
  17  0:53  Hatchery  
  17  0:56  Drone  
  17  1:00  Drone  
  18  1:10  Extractor  
  17  1:15  Spawning Pool  
  17  1:18  Drone  
  17  1:21  Drone  
  18  1:29  Drone  
  19  1:43  Overlord  
  19  1:53  Drone  
  20  2:01  Queen  
  20  2:02  Zergling x2  
  20  2:04  Queen  
  20  2:05  Zergling x2  
  26  2:12  Metabolic Boost  
  26  2:13  Drone  
  29  2:22  Zergling x4  
  30  2:30  Zergling x2  
  30  2:41  Queen  
  32  2:45  Zergling x6  
  35  2:55  Zergling x2  
  35  2:57  Overlord  
  35  3:18  Baneling Nest, Hatchery  
  35  3:19  Zergling x4  
  35  3:22  Zergling x2  
  36  3:46  Zergling x8  
  36  3:47  Zergling x6  
  41  4:16  Overlord x3  
  38  4:28  Zergling x2  
  34  4:35  Drone x5  
  33  4:47  Drone x2  
  33  4:51  Roach Warren  
  33  4:52  Drone  
  35  4:58  Drone  
  34  5:10  Drone x7  
  34  5:12  Extractor  
  37  5:30  Roach x4  
  37  5:32  Roach x2  
  47  5:37  Roach  
Tags
 
Add a new tag
Caveats
  • Supply blocks, unpowered buildings, or Contaminate may cause inaccurate times.
  • Supply counts are checked every 10 seconds.